 Dungeon Crawl Stone Soup version 0.22-a0-352-gc608dd7 (webtiles) character file.

75941 Amnesiac the Thaumaturge (level 14, -18/119 HPs)
             Began as a Demigod Earth Elementalist on Apr 14, 2018.
             Shot with an arrow by a deep elf archer (36 damage)
             ... on level 1 of the Elven Halls.
             The game lasted 00:49:54 (23469 turns).

Amnesiac the Thaumaturge (DgEE)                    Turns: 23469, Time: 00:49:55

Health: -18/119    AC: 10    Str: 11    XL:     14   Next: 69%
Magic:  12/41      EV: 18    Int: 31    God:
Gold:   1767       SH:  0    Dex: 14    Spells: 12/33 levels left

rFire    + . .     SeeInvis .   a - staff of earth
rCold    + . .     Gourm    .   (no shield)
rNeg     . . .     Faith    .   Z - +1 robe {rC+ rF+}
rPois    .         Spirit   .   E - +2 helmet
rElec    .         Reflect  .   p - +0 cloak
rCorr    .         Harm     +   (no gloves)
MR       +....     Clarity  +   i - +0 pair of boots
Stlth    +++.......             K - amulet of harm
HPRegen  0.29/turn              c - ring of magical power
MPRegen  0.27/turn              M - ring "Jesmousu" {Int+4 Slay+3 Stlth+}

@: drained
A: thin metallic scales 1, clarity, clumsy 1, high mp 1
a: no special abilities


You were on level 1 of the Elven Halls.
You were not hungry.

You visited 5 branches of the dungeon, and saw 20 of its levels.

You collected 2112 gold pieces.
You spent 345 gold pieces at shops.

Inventory:

Hand Weapons
 b - a +2 dagger of speed
Missiles
 l - 55 poisoned needles
 y - a throwing net
 L - 248 stones (quivered)
Armour
 i - a +0 pair of boots (worn)
 p - a +0 cloak (worn)
 E - a +2 helmet (worn)
 O - a +0 shield of protection
 Z - a +1 robe of resistance (worn)
Magical Staves
 a - an uncursed staff of earth (weapon)
Jewellery
 c - a ring of magical power (left hand)
 e - a +3 ring of protection
 q - an uncursed ring of see invisible
 H - an uncursed ring of wizardry
 K - an amulet of harm (around neck)
 M - the ring "Jesmousu" (right hand) {Int+4 Slay+3 Stlth+}
   (You found it on level 8 of the Dungeon)

   [ring of stealth]

   It affects your intelligence (+4).
   It affects your accuracy and damage with ranged weapons and melee attacks
   (+3).
   It makes you more stealthy.
Wands
 g - a wand of disintegration (4)
 r - a wand of iceblast (29)
 z - a wand of paralysis (11)
 C - a wand of random effects (35)
 G - a wand of flame (22)
 N - a wand of clouds (2)
 P - a wand of polymorph (13)
 Y - a wand of acid (10)
Scrolls
 k - 8 scrolls of remove curse {!r}
 n - 4 scrolls of teleportation {!r}
 v - 17 scrolls of identify {!r}
 w - a scroll of silence {!r, unknown}
 x - 3 scrolls of enchant armour {!r}
 F - 4 scrolls of brand weapon {!r}
 I - 2 scrolls of fear {!r}
 Q - a scroll of magic mapping {!r}
 R - 3 scrolls of fog {!r}
 W - 2 scrolls of amnesia {!r}
Potions
 f - a potion of flight {!q}
 h - a potion of might {!q}
 j - a potion of brilliance {!q}
 m - a potion of magic {!q}
 o - 2 potions of ambrosia {!q}
 t - a potion of lignification {!q}
 u - 4 potions of degeneration {!q}
 A - 3 potions of agility {!q}
 B - 6 potions of curing {!q}
 D - a potion of invisibility {!q}
 J - a potion of resistance {!q}
 S - 2 potions of heal wounds {!q}
 U - a potion of mutation {!q}
Miscellaneous
 T - a crystal ball of energy
Comestibles
 d - 15 rations
 s - 5 chunks of flesh


   Skills:
 + Level 9.9(9.6) Fighting
 - Level 4.0(3.7) Staves
 - Level 10.0(9.6) Dodging
 - Level 1.7(1.5) Stealth
 + Level 3.4(3.1) Shields
 - Level 10.0(9.7) Spellcasting
 - Level 10.0(9.7) Conjurations
 - Level 4.0(3.7) Transmutations
 - Level 10.0(9.7) Earth Magic
 - Level 10.0(9.6) Evocations


You had 12 spell levels left.
You knew the following spells:

 Your Spells              Type           Power        Failure   Level  Hunger
a - Iron Shot             Conj/Erth      #######...   10%         6    #####..
b - Passwall              Tmut/Erth      ######....   1%          2    None
c - Sandblast             Erth           ######       1%          1    None
d - Lee's Rapid Deconstr  Erth           #######...   1%          5    ###....
e - Petrify               Tmut/Erth      ######..     1%          4    None
f - Stone Arrow           Conj/Erth      ######       1%          3    None


Dungeon Overview and Level Annotations

Branches:
Dungeon (15/15)            Temple (1/1) D:6            Lair (1/6) D:10
    Orc (2/2) D:9             Elf (1/3) Orc:2        Vaults (0/5) D:13
 Depths (0/5) D:15

Shops:
D:13 !   Orc:2 [[((*


Innate Abilities, Weirdness & Mutations

You have an increased reservoir of magic. (+10% MP)
You are partially covered in thin metallic scales. (AC +2)
You possess an exceptional clarity of mind.
You are clumsy. (Dex -2)


Message History

The orc dies!
The bolt of negative energy hits you!
You feel drained.
* * * LOW HITPOINT WARNING * * *
Casting: Lee's Rapid Deconstruction (safe; 1% risk of failure)
Confirm with . or Enter, or press ? or * to list all spells.
Aiming: Lee's Rapid Deconstruction (safe; 1% risk of failure)
Press: ? - help, Dir - move target cursor, f - orc sorcerer Fragment what (e.g. wall or brittle monster)?: an orc sorcerer, wielding a dagger and wearing a glowing robe (severely wounded)
You feel a surge of power!
The door shatters!
The blast of rock fragments hits the orc sorcerer.
You kill the orc sorcerer!
The blast of rock fragments hits the deep elf archer.
You kill the deep elf archer!
The blast of rock fragments hits the orc warrior.
The orc warrior is severely wounded.
Unknown command.
Casting: Lee's Rapid Deconstruction (safe; 1% risk of failure)
Confirm with . or Enter, or press ? or * to list all spells.
Aiming: Lee's Rapid Deconstruction (safe; 1% risk of failure)
Press: ? - help, Dir - move target cursor You feel a surge of power!
The wall shatters!
The blast of rock fragments hits the orc warrior.
You kill the orc warrior!
The blast of rock fragments hits the hand axe of venom.
The hand axe of venom falls from the air.
Base training target 10.0 for Evocations reached!
Base training target 10.0 for Dodging reached!
Your base Dodging skill increases to level 10!
Your base Evocations skill increases to level 10!
You are feeling very hungry.
Some of the chunks of flesh in your inventory have rotted away.
Unknown command.
There is an open door here.
Eating one of 6 chunks of flesh.
You eat one of the 6 chunks of flesh.
This raw flesh tastes terrible.
Okay, then.
You see here a long sword.
Items here: ( )))) [[[ You start resting.
An orc is nearby!
An orc is nearby!
Items here: ( )) [ an uncursed dagger; an uncursed longbow; 25 arrows; a leather armour You see here an arrow.
You see here a vampiric halberd.
There is an open door here.
You see here a vampiric halberd.
You hit the orc.
You kill the orc!
No target in view!
No target in view!
Things that are here:
a club; an arrow There isn't anything to butcher here.
You start resting.
A deep elf archer comes into view. It is wielding a dagger.
The deep elf archer unwields an uncursed dagger.
The deep elf archer wields an uncursed longbow.
The deep elf archer shoots an arrow.
The arrow hits you!!
* * * LOW HITPOINT WARNING * * *
Things that are here:
an arrow; a vampiric halberd The deep elf archer shoots an arrow.
The arrow hits you!!
You die...

##...## #.......# #
##.....### #.#
#.....>.# # .........#
#.# #.)e....#
.........# #.#
##).....#+ #
.........### #.#
##)#.....# #
...8#8.....# #.#
##)########
._.###.....# #.###(##
...8#8.....# #.##.##
.........#.###'#@##
.........#.....'##
.........##.....#
##.....####.....'.....
##...## #.....######
#...# #'...+# #.###
#.##### #.# #.# #.#
#.#


You could see a deep elf archer.

Vanquished Creatures
  Nessos (D:15)
  2 stone giants (Orc:2)
  The ghost of TheNamelessOne the Carver, a journeyman DsCK of Xom (D:15)
  Azrael (D:15)
  Snorg (D:13)
  2 hydras
  An ogre mage (D:15)
  A deep elf high priest (Elf:1)
  A yaktaur captain (D:15)
  3 centaur warriors
  2 death knights
  9 two-headed ogres
  A tengu warrior (D:15)
  5 dancing weapons (Elf:1)
  The ghost of Amnesiac the Destroyer, a novice DgCj (D:11)
  5 orc high priests
  2 deep elf knights (Elf:1)
  7 skeletal warriors (D:15)
  2 unseen horrors
  A fire crab (D:15)
  A wizard (D:15)
  6 deep elf archers
  14 ugly things
  A phantasmal warrior (D:12)
  A faun (shapeshifter) (D:15)
  11 deep elf magi
  A necromancer (D:13)
  3 cyclopes
  5 orc sorcerers
  A manticore (D:14)
  A spiny frog (Lair:1)
  Maurice (Orc:1)
  A kobold demonologist (D:14)
  5 freezing wraiths
  2 komodo dragons
  A rime drake (Lair:1)
  A tengu conjurer (D:15)
  6 trolls
  A queen bee (Lair:1)
  3 slime creatures (D:13)
  3 hippogriffs
  A shadow (D:12)
  A vampire (D:15)
  A centaur simulacrum (D:15)
  A wyvern (D:9)
  2 wraiths
  A basilisk (Lair:1)
  A golden eye (shapeshifter) (Elf:1)
  6 yaks
  5 fire elementals
  21 humans (D:13)
  A hungry ghost (D:7)
  2 wargs
  An acid dragon (D:13)
  2 soldier ants
  2 water moccasins
  2 hell hounds (D:15)
  A porcupine (D:10)
  2 sky beasts (D:8)
  4 ice beasts
  39 orc warriors
  A phantom (D:7)
  15 ogres
  3 centaurs
  4 crocodiles
  A big kobold (D:9)
  10 bullfrogs
  2 wyvern zombies
  An earth elemental (Elf:1)
  A wyvern skeleton (D:13)
  4 scorpions
  24 killer bees (Lair:1)
  6 howler monkeys
  19 wights
  A bullfrog zombie (D:5)
  4 crimson imps
  A quasit (D:9)
  4 centaur skeletons
  2 centaur zombies
  9 hounds
  3 jellies
  40 orc priests
  An iron imp (D:8)
  36 orc wizards
  Ijyb (D:3)
  A bullfrog skeleton (D:12)
  Natasha (thrice) (D:2)
  7 iguanas
  6 worker ants
  2 hound zombies
  A hound skeleton (D:9)
  Robin (D:3)
  2 worker ant zombies
  A howler monkey zombie (D:5)
  A howler monkey skeleton (D:6)
  9 adders
  5 shadow imps
  An ooze (D:1)
  3 adder skeletons
  An adder zombie (D:5)
  2 worms
  2 dart slugs
  5 leopard geckos
  104 orcs
  3 ball pythons
  4 bats
  4 giant cockroaches (D:3)
  10 goblins
  12 hobgoblins
  2 jackals (D:4)
  13 kobolds
  3 quokkas
  2 frilled lizards
  2 quokka skeletons
  5 rats
  A fungus (Lair:1)
  A plant (Lair:1)
626 creatures vanquished.

Vanquished Creatures (others)
  An orc (Elf:1)
  A plant (Lair:1)
2 creatures vanquished.

Grand Total: 628 creatures vanquished

Notes
Turn   | Place    | Note
-------+----------+-------------------------------------------
     0 | D:1      | Amnesiac the Demigod Earth Elementalist began the quest for the Orb.
     0 | D:1      | Reached XP level 1. HP: 14/14 MP: 5/5
   259 | D:1      | Reached XP level 2. HP: 20/20 MP: 1/7
   738 | D:1      | Learned a level 2 spell: Passwall
   848 | D:2      | Reached XP level 3. HP: 26/26 MP: 4/9
  1063 | D:2      | Noticed Natasha
  1068 | D:2      | Killed Natasha
  1234 | D:2      | Noticed Natasha
  1242 | D:2      | Killed Natasha
  1242 | D:2      | Reached XP level 4. HP: 26/33 MP: 8/12
  1287 | D:2      | Found a stormy altar of Qazlal.
  1449 | D:2      | Noticed Natasha
  1456 | D:2      | Killed Natasha
  1480 | D:3      | Learned a level 4 spell: Petrify
  1586 | D:3      | Found a snail-covered altar of Cheibriados.
  1972 | D:3      | Noticed Ijyb
  2216 | D:3      | Noticed Robin
  2235 | D:3      | Killed Robin
  2328 | D:3      | Reached XP level 5. HP: 34/38 MP: 13/13
  2386 | D:3      | Killed Ijyb
  2854 | D:4      | Noticed an ogre
  2861 | D:4      | Killed an ogre
  2861 | D:4      | Reached XP level 6. HP: 45/45 MP: 9/16
  2868 | D:4      | Learned a level 5 spell: Lee's Rapid Deconstruction
  2926 | D:4      | Reached skill level 5 in Spellcasting
  3003 | D:4      | Found a stormy altar of Qazlal.
  3560 | D:5      | Entered Level 5 of the Dungeon
  3656 | D:5      | Reached XP level 7. HP: 46/50 MP: 15/19
  3697 | D:5      | Reached skill level 5 in Earth Magic
  3746 | D:5      | Learned a level 3 spell: Stone Arrow
  4318 | D:6      | Found a staircase to the Ecumenical Temple.
  4594 | D:6      | Reached XP level 8. HP: 56/57 MP: 10/22
  5642 | D:7      | Reached XP level 9. HP: 62/62 MP: 21/25
  5723 | D:7      | Reached skill level 1 in Fighting
  5723 | D:7      | Reached skill level 1 in Evocations
  6387 | D:8      | Noticed a two-headed ogre
  6397 | D:8      | Killed a two-headed ogre
  6589 | D:8      | Got a shimmering tin ring
  6597 | D:8      | Identified the ring "Jesmousu" {Int+4 Slay+3 Stlth+} (You found it on level 8 of the Dungeon)
  6796 | D:8      | Found a snail-covered altar of Cheibriados.
  6905 | D:8      | Noticed a two-headed ogre
  6922 | D:8      | Killed a two-headed ogre
  6922 | D:8      | Reached XP level 10. HP: 80/80 MP: 1/26
  7446 | Temple   | Entered the Ecumenical Temple
  7516 | D:9      | Found a white marble altar of Elyvilon.
  7555 | D:9      | Noticed a two-headed ogre
  7559 | D:9      | Killed a two-headed ogre
  7559 | D:9      | Reached skill level 5 in Fighting
  7559 | D:9      | Reached skill level 5 in Dodging
  7559 | D:9      | Reached skill level 5 in Evocations
  7865 | D:9      | Found a staircase to the Orcish Mines.
  8368 | Orc:1    | Entered Level 1 of the Orcish Mines
  9115 | Orc:2    | Entered Level 2 of the Orcish Mines
  9424 | D:10     | Entered Level 10 of the Dungeon
  9587 | D:10     | Found a staircase to the Lair.
  9702 | D:10     | Reached skill level 1 in Transmutations
 10258 | D:11     | Reached skill level 1 in Conjurations
 10488 | D:11     | Noticed Amnesiac's ghost (novice DgCj)
 10505 | D:11     | Killed Amnesiac's ghost
 10585 | D:11     | Gained mutation: You possess an exceptional clarity of mind. [potion of mutation]
 10585 | D:11     | Gained mutation: You are clumsy. (Dex -2) [potion of mutation]
 10585 | D:11     | Gained mutation: You are partially covered in thin metallic scales. (AC +2) [potion of mutation]
 10588 | D:11     | Killed an unseen horror
 10588 | D:11     | Reached XP level 11. HP: 38/90 MP: 1/27
 11205 | D:12     | Noticed a phantasmal warrior
 11210 | D:12     | Killed a phantasmal warrior
 11214 | D:12     | Noticed a death knight
 11245 | D:11     | Killed a death knight
 11614 | D:12     | Reached skill level 5 in Conjurations
 11879 | D:12     | Noticed an eight-headed hydra
 11882 | D:12     | Killed an eight-headed hydra
 11886 | D:12     | Noticed a two-headed ogre
 11890 | D:12     | Killed a two-headed ogre
 11994 | D:12     | Noticed a deep elf mage
 11998 | D:12     | Killed a deep elf mage
 12168 | D:12     | Learned a level 6 spell: Iron Shot
 12868 | D:13     | Noticed a necromancer
 13201 | D:13     | Killed a necromancer
 13278 | D:13     | Noticed Snorg
 13334 | D:13     | Killed Snorg
 13501 | D:13     | Found Peucus's Distillery.
 13502 | D:13     | Noticed a centaur warrior
 13505 | D:13     | Killed a centaur warrior
 13516 | D:13     | Bought a potion of flight for 33 gold pieces
 13516 | D:13     | Bought a potion of lignification for 33 gold pieces
 13768 | D:13     | Reached XP level 12. HP: 97/97 MP: 29/29
 14119 | D:13     | Found a gate to the Vaults.
 14384 | D:13     | Reached skill level 10 in Spellcasting
 14535 | D:14     | Noticed an eight-headed hydra
 14536 | D:14     | Killed an eight-headed hydra
 15494 | D:14     | Noticed a death knight
 15504 | D:14     | Killed a death knight
 16089 | D:15     | Entered Level 15 of the Dungeon
 16367 | D:15     | Noticed a centaur warrior
 16369 | D:15     | Killed a centaur warrior
 16369 | D:15     | Reached skill level 10 in Conjurations
 16372 | D:15     | Reached skill level 10 in Earth Magic
 16373 | D:15     | Reached XP level 13. HP: 67/104 MP: 10/31
 16901 | D:15     | Noticed Azrael
 17057 | D:15     | Noticed TheNamelessOne's ghost (journeyman DsCK)
 17060 | D:15     | Found a staircase to the Depths.
 17074 | D:15     | Killed TheNamelessOne's ghost
 17476 | D:15     | Killed Azrael
 18076 | D:15     | Noticed Nessos
 18079 | D:15     | Killed Nessos
 18557 | Orc:1    | Noticed Maurice
 19279 | Orc:1    | Killed Maurice
 19368 | Orc:1    | Reached skill level 1 in Staves
 19991 | Orc:2    | Reached XP level 14. HP: 63/118 MP: 2/32
 20024 | Orc:2    | Found Kautsit's Armour Shoppe.
 20067 | Orc:2    | Found a staircase to the Elven Halls.
 20214 | Orc:2    | Found Raar's Antique Armour Shoppe.
 20214 | Orc:2    | Found Viohait's Assorted Antiques.
 20214 | Orc:2    | Found Diusimon's Antique Weapon Shoppe.
 20220 | Orc:2    | Found Fiwatesoex's Weapon Emporium.
 21861 | Orc:2    | Bought an embroidered robe for 92 gold pieces
 21861 | Orc:2    | Bought a glowing shield for 187 gold pieces
 21998 | Lair:1   | Entered Level 1 of the Lair of Beasts
 22337 | Lair:1   | Reached skill level 1 in Shields
 22830 | Elf:1    | Entered Level 1 of the Elven Halls
 22908 | Elf:1    | Found a radiant altar of Vehumet.
 23427 | Elf:1    | Reached skill level 10 in Dodging
 23427 | Elf:1    | Reached skill level 10 in Evocations
 23469 | Elf:1    | Shot with an arrow by a deep elf archer

Vault maps used:
D:1:      dpeg_arrival_erosion, serial_forest, infiniplex_forest_lined_2,
          infiniplex_forest_clump_diagonal, infiniplex_forest_zigzag_1,
          infiniplex_forest_end_2, infiniplex_forest_clump_diagonal,
          infiniplex_forest_clump_cross
D:2:      lemuel_coloured_pillars_altar, kennysheep_generic_room_12,
          uniq_natasha
D:3:      first_ration, kennysheep_slug_shrine, uniq_ijyb, uniq_robin
D:4:      ldierk_geyser, grunt_qazlal_sundering
D:6:      minmay_temple_entry_from_below_a
D:7:      grunt_ogre_cave, kennysheep_generic_room_3
D:8:      chei_slow_surprise
D:9:      orc_0_dummy, elyvilon_altar_4
D:10:     grunt_lair_entry_orc_guard_hut, minivault_5, hangedman_decor_slide_cut
D:13:     grunt_vaults_entry_tiered, serial_shops, kennysheep_little_box,
          lemuel_flamethrower_3, uniq_snorg
D:14:     patterned_corridor, special_room
D:15:     grunt_enter_depths_snipers, uniq_azrael, uniq_nessos
Temple:   regret_index_temple_sigil_plot
Lair:1:   hangedman_lair_unloving_vines, grunt_megastairs_5
Orc:1:    uniq_maurice
Orc:2:    st_orc_mages, serial_shops, shop, nicolae_orc_bridge_out
Elf:1:    eino_elf_arrival_altar, orc_legates, minmay_shop_grove, uniq_aizul

Skill      XL: |  1  2  3  4  5  6  7  8  9 10 11 12 13 14 |
---------------+-------------------------------------------+-----
Spellcasting   | 2 3 4 5 7 8 10 | 10.0
Earth Magic    | 3 4 5 8 10 | 10.0
Fighting       | 4 6 9 |  9.9
Evocations     | 4 6 9 10 | 10.0
Dodging        | 4 6 9 10 | 10.0
Transmutations | 2 4 |  4.0
Conjurations   | 1 8 10 | 10.0
Staves         | 1 4 |  4.0
Shields        | 3 |  3.4
Stealth        | |  1.7

Action                   |  1- 3 |  4- 6 |  7- 9 | 10-12 | 13-15 || total
-------------------------+-------+-------+-------+-------+-------++-------
Melee: Whip              |    25 |       |       |       |       ||    25
       Short sword       |       |    71 |    22 |    18 |       ||   111
       Dagger            |       |       |       |     4 |       ||     4
       Staff             |       |       |       |    18 |   110 ||   128
Throw: Stone             |       |       |       |     1 |       ||     1
 Cast: Sandblast         |    31 |    77 |    55 |    54 |     5 ||   222
       Petrify           |       |     4 |     2 |     3 |    11 ||    20
       Stone Arrow       |       |       |    76 |   131 |     5 ||   212
       Lee's Rapid Decon |       |       |    39 |   164 |   162 ||   365
       Passwall          |       |       |       |     2 |       ||     2
       Iron Shot         |       |       |       |     7 |    81 ||    88
Evoke: Wand              |       |       |       |       |     1 ||     1
  Use: Scroll            |       |    10 |     1 |     9 |     3 ||    23
       Potion            |       |     1 |       |     7 |     1 ||     9
 Stab: Sleeping          |     1 |     2 |       |     1 |       ||     4
       Petrified         |       |     6 |    10 |     4 |       ||    20
       Petrifying        |       |     1 |       |       |       ||     1
       Distracted        |       |       |       |     1 |       ||     1
  Eat: Chunk             |     1 |     7 |    21 |    42 |    42 ||   113
       Ration            |       |       |       |     3 |     5 ||     8
Armor: Robe              |     5 |     1 |       |    33 |    50 ||    89
       Animal skin       |       |    25 |    26 |       |       ||    51
       Leather armour    |       |       |       |    12 |       ||    12
Dodge: Dodged            |    21 |    50 |    54 |    88 |   174 ||   387
Block: Shield            |       |       |       |       |     1 ||     1

Table legend:
 A = Spawn XP
 B = Non-spawn XP
 C = Spawn XP percentage of total XP
 D = Spawn monster count
 E = Non-spawn monster count
 F = Spawn count percentage of total count
 G = Total turns spent on level
                    A         B        C        D         E        F      G
               +---------+---------+-------+---------+---------+-------+---------
         Total |       0 |  108488 |   0.0 |       0 |     624 |   0.0 | 23469
               +---------+---------+-------+---------+---------+-------+---------
           D:1 |       0 |      38 |   0.0 |       0 |      17 |   0.0 |   784
           D:2 |       0 |     133 |   0.0 |       0 |      12 |   0.0 |   749
           D:3 |       0 |     133 |   0.0 |       0 |      29 |   0.0 |  1288
           D:4 |       0 |     481 |   0.0 |       0 |      18 |   0.0 |   741
           D:5 |       0 |     603 |   0.0 |       0 |      26 |   0.0 |   771
           D:6 |       0 |     711 |   0.0 |       0 |      23 |   0.0 |  1153
           D:7 |       0 |    1699 |   0.0 |       0 |      40 |   0.0 |  1184
           D:8 |       0 |    3189 |   0.0 |       0 |      22 |   0.0 |   973
           D:9 |       0 |    2277 |   0.0 |       0 |      23 |   0.0 |  1523
          D:10 |       0 |     725 |   0.0 |       0 |       7 |   0.0 |   881
          D:11 |       0 |    4943 |   0.0 |       0 |      25 |   0.0 |  1356
          D:12 |       0 |    4905 |   0.0 |       0 |      18 |   0.0 |  1291
          D:13 |       0 |   11064 |   0.0 |       0 |      50 |   0.0 |  1957
          D:14 |       0 |    8345 |   0.0 |       0 |      48 |   0.0 |  1625
          D:15 |       0 |   30974 |   0.0 |       0 |      54 |   0.0 |  2007
        Lair:1 |       0 |    4754 |   0.0 |       0 |      40 |   0.0 |   729
         Orc:1 |       0 |    3245 |   0.0 |       0 |      28 |   0.0 |  2219
         Orc:2 |       0 |   10973 |   0.0 |       0 |     100 |   0.0 |  1776
         Elf:1 |       0 |   19296 |   0.0 |       0 |      44 |   0.0 |   460
               +---------+---------+-------+---------+---------+-------+---------
